 Dungeon Crawl Stone Soup version 0.20-a0-522-g0b37eee (webtiles) character file.

4936 M4edhros the Covert (level 10, -3/63 HPs)
             Began as an Octopode Artificer on Jan 25, 2017.
             Was an Initiate of Gozag.
             Slain by a wyvern (16 damage)
             ... on level 9 of the Dungeon.
             The game lasted 00:17:45 (8053 turns).

M4edhros the Covert (Octopode Artificer)            Turns: 8053, Time: 00:17:46

Health: -3/63      AC:  2    Str: 10    XL:     10   Next: 52%
Magic:  15/15      EV: 17    Int: 12    God:    Gozag
Gold:   846        SH:  0    Dex: 16    Spells: 5/9 levels left

rFire    . . .     SeeInvis .   G - +2 dire flail (protect)
rCold    . . .     Gourm    .   (shield currently unavailable)
rNeg     . . .     Faith    .   (helmet restricted)
rPois    +         Spirit   .   s - amulet of rage
rElec    +         Reflect  .   h - +3 ring of dexterity
rCorr    +         Harm     .   y - ring of resist corrosion
MR       .....     Rnd*Rage +   J - ring of poison resistance
Stlth    ++++++....             (no ring)
Regen    0.2/turn               (no ring)
                                (no ring)
                                (no ring)
                                (no ring)

@: exhausted
A: almost no armour, stealthy swim, amphibious, 8 rings, constrict 8, repulsion
field 1, camouflage 1, berserk 2, clumsy 1, dopey 1, poison resistance, shaggy
fur 1, electricity resistance, weak 1, gelatinous body 1
a: Potion Petition, Call Merchant, Bribe Branch, Renounce Religion, Evoke
Berserk Rage


You were on level 9 of the Dungeon.
You worshipped Gozag.
Gozag was pleased with you.
You were near starving.

You visited 1 branch of the dungeon, and saw 9 of its levels.

You collected 1530 gold pieces.
You spent 34 gold pieces at shops.
You paid 650 gold pieces to Gozag.

Inventory:

Hand Weapons
 a - a +0 short sword
 w - a +0 morningstar
 z - a +2 trident of piercing
 B - a +0 hunting sling
 C - a +2 whip of electrocution
 D - a +1 mace of protection
 E - a +3 mace
 G - a +2 dire flail of protection (weapon)
Missiles
 e - 172 stones (quivered)
 q - 23 sling bullets
Jewellery
 f - an uncursed ring of fire
 h - a +3 ring of dexterity (left tentacle)
 r - an uncursed amulet of guardian spirit
 s - an amulet of rage (around mantle)
 y - a ring of resist corrosion (right tentacle)
 J - a ring of poison resistance (on tentacle)
Wands
 b - a wand of flame (3/48)
 c - a wand of enslavement (0/24)
 d - a wand of random effects (0/48)
 m - a wand of polymorph (0/24)
Scrolls
 g - 4 scrolls of teleportation
 j - 4 scrolls of remove curse
 v - a scroll of enchant weapon {unknown}
 F - 2 scrolls of recharging
 H - a scroll of fog
 I - 2 scrolls of magic mapping
 K - 2 scrolls of identify
 L - a scroll of vulnerability {unknown}
Potions
 i - 2 potions of cure mutation
 k - 5 potions of brilliance
 l - 2 potions of might
 o - a potion of lignification
Books
 x - a book of Cantrips

   Spells                             Type                      Level
   a - Confusing Touch                Hexes                        1
   b - Animate Skeleton               Necromancy                   1
   c - Summon Small Mammal            Summoning                    1
   d - Apportation                    Translocation                1
 A - a book of Flames

   Spells                             Type                      Level
   a - Flame Tongue                   Conjuration/Fire             1
   b - Throw Flame                    Conjuration/Fire             2
   c - Conjure Flame                  Conjuration/Fire             3
   d - Inner Flame                    Hexes/Fire                   3
   e - Sticky Flame                   Conjuration/Fire             4
   f - Fireball                       Conjuration/Fire             5
Comestibles
 n - 5 fruits
 u - 6 meat rations


   Skills:
 + Level 3.4 Fighting
 - Level 1.0 Short Blades
 * Level 8.2 Slings
 + Level 3.7 Dodging
 + Level 12.5 Stealth
 - Level 3.6 Translocations
 + Level 2.6 Fire Magic
 + Level 7.2 Evocations


You had 5 spell levels left.
You knew the following spells:

 Your Spells              Type           Power        Failure   Level  Hunger
a - Apportation           Tloc           #.....       10%         1    ##.....
b - Conjure Flame         Conj/Fire      #.......     69%         3    ####...


Dungeon Overview and Level Annotations

Branches:
Dungeon (9/15)             Temple (0/1) D:7
   Lair: D:8-11         Orc: D:9-12

Altars:
Gozag
Nemelex Xobeh
Qazlal
Vehumet
Xom

Shops:
D:5 *

Annotations:
D:6 M4edhros's ghost, novice OpAr


Innate Abilities, Weirdness & Mutations

You cannot wear most types of armour.
You are very stealthy in the water. (Stealth+)
You are amphibious.
You can wear up to eight rings at the same time.
You can use your tentacles to constrict eight enemies at once.
Your skin changes colour to match your surroundings (Stealth+).
Your rubbery body absorbs attacks. (AC +1, EV +1)
You are surrounded by a mild repulsion field. (EV +2)
You often lose your temper in combat.
You are clumsy. (Dex -2)
You are dopey. (Int -2)
Your system is resistant to poisons. (rPois)
You are covered in fur. (AC +1)
You are resistant to electric shocks. (rElec)
You are weak. (Str -2)


Message History

Okay, then.
You feel better. The wyvern closely misses you. x2
You thump the wyvern!
Your weapon exudes an aura of protection.
Your squeeze misses the wyvern.
The wyvern is severely wounded.
The wyvern bites you!
* * * LOW HITPOINT WARNING * * *
The wyvern closely misses you.
You feel better. The wyvern barely misses you.
You closely miss the wyvern. Your squeeze misses the wyvern.
The wyvern is severely wounded.
The wyvern bites you!
* * * LOW HITPOINT WARNING * * *
The wyvern misses you.
You closely miss the wyvern. You squeeze the wyvern!
The wyvern is almost dead.
The wyvern barely misses you. The wyvern bites you!
You die...
Your body crumbles into a pile of gold.

####+#...#
#.........#
#.........#
###.........#
#..... #...#
#.....#+#..(#.#
#........$....#
#..../...######
#(.....@l#
#......(!#
##.......#
.'........
##.......##
#.......#
+........ ##.
#.......# ..###


You could see a wyvern.

Vanquished Creatures
  A two-headed ogre (D:8)
  Pikel (D:9)
  A troll (D:9)
  Prince Ribbit (D:8)
  Sigmund (D:2)
  Grum (D:8)
  2 hungry ghosts
  A steam dragon (D:8)
  Edmund (D:4)
  A water moccasin (D:8)
  2 sky beasts
  An ice beast (D:7)
  4 ogres
  A necrophage (D:8)
  3 wolves (D:8)
  A crocodile (D:8)
  3 bullfrogs
  5 worker ants
  A scorpion (D:6)
  5 killer bees (D:9)
  A crimson imp (D:5)
  A bullfrog zombie (D:5)
  5 hounds
  An orc priest (D:3)
  3 bullfrog skeletons
  Crazy Yiuf (D:3)
  A centaur skeleton (D:7)
  4 iguanas
  6 orc wizards
  A hound zombie (D:6)
  2 worker ant zombies
  Robin (D:3)
  7 adders
  A howler monkey skeleton (D:6)
  2 shadow imps
  3 oozes (D:1)
  An adder zombie (D:5)
  5 worms
  2 dart slugs (D:1)
  2 leopard geckos
  18 orcs
  2 ball pythons
  10 bats
  7 giant cockroaches
  11 goblins
  18 hobgoblins
  8 jackals (D:4)
  4 quokkas
  6 frilled lizards
  11 kobolds
  9 rats
191 creatures vanquished.

Vanquished Creatures (collateral kills)
  Blork the orc (D:4)
  An orc priest (D:3)
  3 orcs (D:3)
  A goblin (D:3)
  A kobold (D:3)
7 creatures vanquished.

Vanquished Creatures (others)
  A sky beast (D:9)
  A slave (D:9)
  A worker ant (D:4)
  An orc wizard (D:3)
  An adder (D:2)
  An orc (D:3)
  4 jackals (D:9)
  A kobold (D:9)
11 creatures vanquished.

Grand Total: 209 creatures vanquished

Notes
Turn   | Place    | Note
-------+----------+-------------------------------------------
     0 | D:1      | M4edhros the Octopode Artificer began the quest for the Orb.
     0 | D:1      | Reached XP level 1. HP: 13/13 MP: 3/3
    21 | D:1      | Reached skill level 2 in Stealth
    39 | D:1      | Reached skill level 3 in Stealth
    39 | D:1      | Reached XP level 2. HP: 18/18 MP: 4/4
   305 | D:1      | Reached skill level 4 in Stealth
   318 | D:1      | Reached XP level 3. HP: 17/23 MP: 5/5
   946 | D:1      | Reached skill level 5 in Stealth
  1245 | D:2      | Found a shimmering altar of Xom.
  1245 | D:2      | Found a radiant altar of Vehumet.
  1245 | D:2      | Found an opulent altar of Gozag.
  1252 | D:2      | Became a worshipper of Xom the Tricky
  1258 | D:2      | Fell from the grace of Xom
  1258 | D:2      | Became a worshipper of Gozag Ym Sagoz the Greedy
  1470 | D:2      | Reached XP level 4. HP: 28/28 MP: 0/6
  1795 | D:2      | Noticed Sigmund
  1863 | D:2      | Killed Sigmund
  1863 | D:2      | Reached skill level 7 in Stealth
  1863 | D:2      | Reached XP level 5. HP: 16/33 MP: 7/7
  1947 | D:2      | Reached skill level 8 in Stealth
  1992 | D:3      | XOM: mild Ice miscast
  2052 | D:3      | Reached XP level 6. HP: 38/38 MP: 8/8
  2193 | D:3      | XOM: stat loss: -2 Str (10/12)
  2262 | D:3      | Found a runed door.
  2326 | D:3      | Noticed Robin
  2344 | D:3      | Killed Robin
  2412 | D:3      | Learned a level 1 spell: Apportation
  2668 | D:3      | Reached skill level 9 in Stealth
  2668 | D:3      | Reached skill level 1 in Translocations
  2696 | D:3      | XOM: summons 2 hostile shadow creatures
  3368 | D:3      | Noticed Crazy Yiuf
  3374 | D:3      | Killed Crazy Yiuf
  3503 | D:4      | Noticed Blork the orc
  3515 | D:4      | Gained mutation: Your system is resistant to poisons. (rPois) [potion of mutation]
  3515 | D:4      | Gained mutation: You are resistant to electric shocks. (rElec) [potion of mutation]
  3518 | D:4      | Killed Blork the orc
  3524 | D:4      | Reached XP level 7. HP: 22/43 MP: 9/9
  4148 | D:3      | XOM: mild Conj miscast
  4218 | D:1      | XOM: give mutations
  4218 | D:1      | Gained mutation: You are dopey. (Int -2) [Xom's mischief]
  4218 | D:1      | Gained mutation: You are weak. (Str -2) [Xom's mischief]
  4218 | D:1      | Lost mutation: You are dopey. (Int -2) [Xom's mischief]
  4218 | D:1      | Gained mutation: Your body sometimes deteriorates upon taking damage. [Xom's mischief]
  4424 | D:3      | XOM: give mutation
  4424 | D:3      | Lost mutation: Your body sometimes deteriorates upon taking damage. [Xom's mischief]
  4465 | D:4      | Noticed Edmund
  4491 | D:4      | Killed Edmund
  4491 | D:4      | Reached skill level 1 in Slings
  4491 | D:4      | Reached skill level 10 in Stealth
  4555 | D:4      | XOM: severe Tmut miscast
  4815 | D:5      | Entered Level 5 of the Dungeon
  4908 | D:5      | Reached XP level 8. HP: 48/48 MP: 9/11
  4991 | D:5      | XOM: mild Necr miscast
  4998 | D:5      | Bought a scroll labeled LEKULOE KIAWNO for 34 gold pieces
  5079 | D:5      | XOM: chaos cloud
  5097 | D:5      | Paralysed by you for 5 turns
  5103 | D:5      | Gained mutation: You are clumsy. (Dex -2) [mutagenic glow]
  5151 | D:5      | Gained mutation: You regenerate slowly when monsters are visible. [mutagenic glow]
  5209 | D:5      | Gained mutation: You tend to lose your temper in combat. [mutagenic glow]
  5594 | D:6      | Lost mutation: You regenerate slowly when monsters are visible. [potion of mutation]
  5594 | D:6      | Gained mutation: You are surrounded by a mild repulsion field. (EV +2) [potion of mutation]
  5611 | D:6      | Found a sparkling altar of Nemelex Xobeh.
  5710 | D:6      | Noticed M4edhros's ghost (novice OpAr)
  6014 | D:7      | Reached skill level 5 in Evocations
  6041 | D:7      | Found a staircase to the Ecumenical Temple.
  6105 | D:7      | Found an opulent altar of Gozag.
  6113 | D:7      | Reached skill level 11 in Stealth
  6130 | D:7      | Reached skill level 5 in Slings
  6266 | D:7      | Found an opulent altar of Gozag.
  6273 | D:7      | XOM: mild Summ miscast
  6372 | D:7      | XOM: enchant monster (bad)
  6378 | D:7      | Reached XP level 9. HP: 53/53 MP: 11/13
  6599 | D:8      | XOM: noise
  6610 | D:8      | Noticed Grum
  6625 | D:8      | Killed Grum
  6832 | D:8      | XOM: draining
  6981 | D:8      | Learned a level 3 spell: Conjure Flame
  6994 | D:8      | Gained mutation: You often lose your temper in combat. [potion of mutation]
  6994 | D:8      | Gained mutation: You are covered in fur. (AC +1) [potion of mutation]
  6994 | D:8      | Gained mutation: You are dopey. (Int -2) [potion of mutation]
  7044 | D:8      | Found a stormy altar of Qazlal.
  7420 | D:8      | Noticed Prince Ribbit
  7549 | D:8      | Killed Prince Ribbit
  7549 | D:8      | Reached skill level 1 in Fire Magic
  7571 | D:8      | XOM: mild Conj miscast
  7640 | D:8      | Noticed a two-headed ogre
  7655 | D:8      | Killed a two-headed ogre
  7655 | D:8      | Reached skill level 12 in Stealth
  7655 | D:8      | Reached XP level 10. HP: 61/61 MP: 13/15
  7979 | D:9      | Noticed Pikel
  7993 | D:9      | Killed Pikel
  8053 | D:9      | Slain by a wyvern

Vault maps used:
D:1:      erik_arrival_gehennom, minmay_quantized
D:2:      minmay_diamond_boxcup, grunt_temple_overflow_open, uniq_sigmund
D:3:      minmay_misc_feat_iff, uniq_robin, uniq_crazy_yiuf_cottage
D:4:      first_bread, uniq_edmund, uniq_blork_the_orc
D:6:      nemelex_altar_shiori, lemuel_flamethrower_2
D:7:      temple_statues, basic_altar, lemuel_tele_altar
D:8:      kennysheep_ambush_hall, lemuel_doored_altar, uniq_grum,
          uniq_prince_ribbit1
D:9:      uniq_maurice, uniq_erolcha, uniq_pikel

Skill      XL: |  1  2  3  4  5  6  7  8  9 10 |
---------------+-------------------------------+-----
Stealth        | 3 4 5 7 8 9 10 11 12 | 12.5
Translocations | 2 3 |  3.6
Slings         | 2 5 7 8 |  8.2
Evocations     | 4 5 6 7 |  7.2
Fire Magic     | 2 |  2.6
Fighting       | 2 3 |  3.4
Dodging        | 3 |  3.7
Short Blades   | |  1.0

Action                   |  1- 3 |  4- 6 |  7- 9 | 10-12 || total
-------------------------+-------+-------+-------+-------++-------
Melee: Short sword       |    79 |    95 |     2 |     2 ||   178
       Tentacles         |    14 |    35 |    49 |     7 ||   105
       Constrict         |    15 |    30 |    40 |     6 ||    91
       Whip              |       |    12 |       |       ||    12
       Mace              |       |     9 |    21 |       ||    30
       Dire flail        |       |       |   181 |    56 ||   237
 Cast: Apportation       |       |       |     8 |       ||     8
Invok: Call Merchant     |       |       |     1 |       ||     1
 Abil: Evoke Berserk Rag |       |       |     3 |     1 ||     4
Evoke: Wand              |       |    17 |    49 |    12 ||    78
  Use: Potion            |     1 |     3 |     8 |     7 ||    19
       Scroll            |       |     5 |     8 |     2 ||    15
 Stab: Sleeping          |     9 |    15 |    20 |     1 ||    45
       Distracted        |       |     2 |     4 |     2 ||     8
       Paralysed         |       |     1 |     2 |       ||     3
  Eat: Royal jelly       |       |     1 |     5 |       ||     6
       Bread ration      |       |     1 |     2 |       ||     3
       Meat ration       |       |       |     1 |       ||     1
Armor: Skin              |    11 |    11 |    88 |    51 ||   161
Dodge: Dodged            |    45 |    62 |   133 |    56 ||   296
